 Dungeon Crawl Stone Soup version 0.28-b1-25-g9875b3fc8c (webtiles) character file.

Game seed: 18232304461375793538

819 BorgnjorsVileCrotch the Chopper (level 7, -4/62 HPs)
             Began as a Minotaur Fighter on Jan 31, 2022.
             Killed by divine providence
             ... invoked by an orc priest
              (9 damage)
             ... on level 5 of the Dungeon.
             The game lasted 00:02:53 (4170 turns).

BorgnjorsVileCrotch the Chopper (Minotaur Fighter)  Turns: 4170, Time: 00:02:53

Health: -4/62      AC: 15    Str: 23    XL:     7   Next: 63%
Magic:  6/6        EV:  3    Int:  5    God:
Gold:   170        SH: 12    Dex:  9    Spells: 6/6 levels left

rFire   . . .      SeeInvis .   a - +0 war axe
rCold   . . .      Faith    .   i - +0 tower shield
rNeg    . . .      Spirit   .   v - +0 plate armour
rPois   .          Reflect  .   (helmet restricted)
rElec   .          Harm     .   r - +0 cloak
rCorr   .          Rampage  .   p - +0 pair of gloves
Will    .....                   (no boots)
Stlth   ..........              j - amulet of the acrobat
HPRegen 0.20/turn               (no ring)
MPRegen 0.10/turn               (no ring)

@: no status effects
A: horns 2, retaliatory headbutt
a: no special abilities


You were on level 5 of the Dungeon.
You visited 1 branch of the dungeon, and saw 5 of its levels.
You also visited: Sewer.

You collected 196 gold pieces.
You spent 26 gold pieces at shops.

Inventory:

Hand Weapons
 a - a +0 war axe (weapon)
Armour
 b - a +0 scale mail
 c - a +0 buckler
 i - a +0 tower shield (worn)
   (You found it on level 1 of the Dungeon)
 p - a +0 pair of gloves (worn)
   (You found it on level 5 of the Dungeon)
 r - a +0 cloak (worn)
   (You found it on level 3 of the Dungeon)
 v - a +0 plate armour (worn)
   (You found it on level 4 of the Dungeon)
Jewellery
 j - an amulet of the acrobat (around neck)
   (You found it on level 1 of the Dungeon)
 y - a ring of resist corrosion
   (You found it on level 5 of the Dungeon)
Wands
 l - a wand of acid (7) {@v1}
   (You found it on level 2 of the Dungeon)
 s - a wand of iceblast (8) {@v2}
   (You found it on level 4 of the Dungeon)
Scrolls
 g - a scroll of fog {unknown}
 h - a scroll of fear {unknown}
 n - a scroll of silence {unknown}
 q - a scroll of brand weapon {unknown}
 t - 2 scrolls of teleportation {unknown}
 w - 2 scrolls of blinking {@r4}
 x - a scroll of acquirement {unknown}
Potions
 d - 4 potions of might {@q3 !q}
 f - a potion of invisibility
 k - 2 potions of curing {@q1 !q}
 m - 3 potions of degeneration
 o - a potion of mutation
 u - a potion of cancellation


   Skills:
 + Level 5.8 Fighting
 * Level 7.0 Axes
 + Level 5.7 Armour
 + Level 5.8 Shields


You had 6 spell levels left.
You didn't know any spells.
Your spell library contained the following spells:

 Spells                   Type           Power      Damage    Failure   Level
 Slow                     Hex            0%         N/A       100%        1
 Confusing Touch          Hex            0%         N/A       100%        3
 Dazzling Flash           Conj/Hex       0%         N/A       100%        3
 Vampiric Draining        Necr           0%         2d6       100%        3
 Iskenderun's Mystic Bla  Conj/Tloc      0%         2d3       100%        4
 Starburst                Conj/Fire      0%         6d3       100%        6


Dungeon Overview and Level Annotations

Branches:
Dungeon (5/15)              Sewer (visited)
 Temple: D:4-7

Altars:
Nemelex Xobeh
Yredelemnul

Shops:
D:3 ?

Annotations:
D:2 1 runed translucent door, Crazy Yiuf


Innate Abilities, Weirdness & Mutations

You have a pair of horns on your head.
You reflexively headbutt those who attack you in melee.


Message History

A jelly comes into view.
The orc moves out of view.
The jelly quivers.
You hit the orc. Your headbutt misses the orc.
The orc is almost dead.
You block the orc's attack. x2
There are monsters nearby!
There are monsters nearby!
There are monsters nearby!
You hit the orc but do no damage. You headbutt the orc.
You kill the orc!
The orc shouts!
You hit the orc. Your headbutt misses the orc.
The orc is moderately wounded.
You slash the orc!
You kill the orc!
You block the orc's attack.
You completely miss the orc.
The orc is moderately wounded.
You block the orc's attack. The orc hits you with a +0 hand axe.
You slash the orc!
You kill the orc!
You hit the jelly.
Your hands burn!
You block the jelly's attack.
An orc comes into view. It is wielding a +0 hand axe.
The orc shouts!
You hit the jelly.
Your hands burn!
You headbutt the jelly.
The jelly is almost dead.
You hear a shout!
The jelly hits you but does no damage. You block the jelly's attack.
The orc hits you but does no damage.
You slash the jelly!
You kill the jelly!
You closely miss the orc. The orc hits you with a +0 club.
You slash the orc!
You kill the orc!
Your Axes skill increases to level 7!
An orc and an orc priest come into view.
The orc priest is wielding a +2 whip of flaming.
The orc shouts!
The orc priest shouts!
An orc priest comes into view. It is wielding a +0 short sword.
An orc comes into view.
It is wielding a +0 vampiric short sword.
The orc moves out of view.
The orc priest moves out of view.
Items here: )))) [[.
You slash the orc!
You kill the orc!
The orc priest looks encouraged for a moment.
The orc priest looks satisfied for a moment.
The orc priest calls down the wrath of Beogh upon you.
Beogh smites you!
The orc priest calls down the wrath of Beogh upon you.
Pain shoots through your body!
Things that are here:
a +0 hand axe; a ring of protection from fire; an orc corpse You are too injured to fight recklessly!
You are too injured to fight recklessly!
You are too injured to fight recklessly!
You are too injured to fight recklessly!
You are too injured to fight recklessly!
You are too injured to fight recklessly!
You are too injured to fight recklessly!
You are too injured to fight recklessly!
You are too injured to fight recklessly!
You are too injured to fight recklessly!
You are too injured to fight recklessly!
There are monsters nearby!
There are monsters nearby!
There are monsters nearby!
The orc priest calls down the wrath of Beogh upon you.
Beogh smites you!
* * * LOW HITPOINT WARNING * * *
Items here: )))) [[.
Unknown command.
Okay, then.
You are confused.
You feel invigorated.
You bump into the rock wall.
The orc hits you but does no damage.
You feel less invigorated.
You feel less confused.
You barely miss the orc. Your headbutt misses the orc.
You block the orc's attack.
You slash the orc!
You kill the orc!
The orc priest calls down the wrath of Beogh upon you.
Beogh smites you!
* * * LOW HITPOINT WARNING * * *
You block the orc's attack.
You slash the orc!
You kill the orc!
You slash the orc priest!
The orc priest is almost dead.
You block the orc priest's attack.
The orc priest mumbles some strange prayers to Beogh against you.
Beogh smites you!
* * * LOW HITPOINT WARNING * * *
The orc priest hits you but does no damage.
You slash the orc priest!
You kill the orc priest!
The orc priest invokes the aid of Beogh against you.
Beogh smites you!
You die...

#.........#
#.........
#.........#
#.........
#.........#
#.........
#.........#
#.........
#####.....#
#......... #.....#
###......... #.....#
#...###....... #.###
....... #@# ....o..
#)# ....... #o#
....... #.# .......
######.#####.......
..........o)o.......
$......###.)...##...
....... ####.##
....... ##


You could see an orc priest.

Vanquished Creatures
  A water moccasin (D:3)
  2 bullfrogs (Sewer)
  A scorpion (D:4)
  A centaur zombie (D:5)
  A bullfrog zombie (D:5)
  An orc priest (D:5)
  A hound (D:4)
  A jelly (D:5)
  Jessica (D:2)
  An iguana (D:4)
  2 orc wizards
  Natasha (thrice) (D:2)
  A hound skeleton (D:4)
  9 adders
  A white imp (D:5)
  7 dart slugs
  14 orcs
  8 ball pythons
  4 endoplasms
  12 giant cockroaches
  7 goblins
  6 hobgoblins
  4 kobolds
  7 quokkas
  9 bats
  11 frilled lizards
  10 rats
126 creatures vanquished.

Notes
Turn   | Place    | Note
-------+----------+-------------------------------------------
     0 | D:1      | BorgnjorsVileCrotch the Minotaur Fighter began the quest
                  | for the Orb.
     0 | D:1      | Reached XP level 1. HP: 19/19 MP: 0/0
    78 | D:1      | Reached XP level 2. HP: 27/27 MP: 1/1
   151 | D:1      | Reached skill level 3 in Axes
   335 | D:1      | Reached skill level 4 in Fighting
   394 | D:1      | Reached skill level 4 in Armour
   394 | D:1      | Reached XP level 3. HP: 33/33 MP: 2/2
   410 | D:1      | Found a faded altar of an unknown god.
   588 | D:1      | Reached skill level 4 in Shields
   875 | D:2      | Found a runed translucent door.
   876 | D:2      | Noticed Crazy Yiuf
   894 | D:2      | Noticed Jessica
   901 | D:2      | Killed Jessica
   904 | D:2      | Reached XP level 4. HP: 33/40 MP: 3/3
  1057 | D:2      | Reached skill level 4 in Axes
  1429 | D:2      | Noticed Natasha
  1447 | D:2      | Killed Natasha
  1448 | D:2      | Reached XP level 5. HP: 37/47 MP: 4/4
  1609 | D:2      | Noticed Natasha
  1615 | D:2      | Killed Natasha
  1697 | D:2      | Noticed Natasha
  1702 | D:2      | Killed Natasha
  1741 | D:2      | Found a sparkling altar of Nemelex Xobeh.
  2075 | D:3      | Found Nuimek's Magic Scroll Emporium.
  2087 | D:3      | Bought a scroll of identify for 26 gold pieces
  2165 | D:3      | Reached skill level 5 in Axes
  2378 | D:3      | Noticed a water moccasin
  2381 | D:3      | Killed a water moccasin
  2382 | D:3      | Reached skill level 5 in Fighting
  2382 | D:3      | Reached skill level 5 in Armour
  2382 | D:3      | Reached skill level 5 in Shields
  2382 | D:3      | Reached XP level 6. HP: 56/56 MP: 5/5
  2867 | D:4      | Found a sparkling altar of Nemelex Xobeh.
  2879 | D:4      | Found a basalt altar of Yredelemnul.
  2989 | D:4      | Reached skill level 6 in Axes
  2990 | D:4      | Identified the +1 hand axe of the Tent {spect, Str-3 Dex+8}
  3245 | D:4      | Found a glowing drain.
  3263 | Sewer    | Entered a sewer
  3313 | Sewer    | Reached XP level 7. HP: 53/61 MP: 6/6
  3913 | D:5      | Entered Level 5 of the Dungeon
  4152 | D:5      | Reached skill level 7 in Axes
  4170 | D:5      | Killed from afar by an orc priest

Illustrated notes

Levels and vault maps discovered:
D:1:      minmay_arrival_four_circles, layout_loops_cross,
          basic_ecumenical_altar, minmay_heptomino_h4
D:2:      layout_basic, basic_altar, uniq_natasha, uniq_jessica,
          uniq_crazy_yiuf_cottage
D:3:      layout_loops_ring, serial_shops, shop
D:4:      layout_basic, mainiacjoe_overflow_big_doors,
          cheibrodos_sewer_entry_sluice
D:5:      layout_basic, guppyfry_early_orc_mine

Skill      XL: |  1  2  3  4  5  6  7 |
---------------+----------------------+-----
Axes           | 3 4 5 6 7 |  7.0
Fighting       | 4 5 |  5.8
Armour         | 4 5 |  5.7
Shields        | 4 5 |  5.8

Action                   |  1- 3 |  4- 6 |  7- 9 || total
-------------------------+-------+-------+-------++-------
Melee: War axe           |    64 |   137 |    72 ||   273
       Headbutt          |    10 |    16 |    15 ||    41
  Use: Scroll            |       |     2 |     4 ||     6
       Potion            |       |       |     1 ||     1
Armor: Scale mail        |    16 |    36 |       ||    52
       Plate armour      |       |    13 |    46 ||    59
Dodge: Dodged            |    30 |    48 |    16 ||    94
Block: Buckler           |     5 |       |       ||     5
       Tower shield      |    35 |   105 |    56 ||   196
